 Dungeon Crawl Stone Soup version 0.21.1-1-g345015fe64 (webtiles) character file.

42683 Lavandula the Grappler (level 13, -46/118 HPs)
             Began as a Deep Dwarf Transmuter on May 29, 2018.
             Was the Champion of Makhleb.
             Annihilated by a komodo dragon (73 damage)
             ... on level 6 of the Lair of Beasts.
             The game lasted 01:11:54 (8124 turns).

Lavandula the Grappler (Deep Dwarf Transmuter)      Turns: 8124, Time: 01:11:55

Health: -46/118    AC:  6    Str: 17    XL:     13   Next: 86%
Magic:  5/15       EV: 17    Int: 16    God:    Makhleb [******]
Gold:   448        SH:  0    Dex: 15    Spells: 1/28 levels left

rFire    . . .     SeeInvis .     - Unarmed
rCold    . . .     Gourm    .   (no shield)
rNeg     . . .     Faith    .   M - +0 robe {MR+}
rPois    .         Spirit   .   l - +2 helmet
rElec    .         Reflect  .   H - +0 cloak
rCorr    .         Harm     +   (no gloves)
MR       ++...                  I - +0 pair of boots
Stlth    ++........             r - amulet of harm
HPRegen  0.00/turn              t - ring of wizardry
MPRegen  0.14/turn              (no ring)

@: sleeping, very slightly contaminated, non-regenerating
A: damage resistance, heal wounds, thin skeletal structure 1, deformed body,
sense surroundings 2, screaming 1, no regeneration
a: Heal Wounds, Minor Destruction, Lesser Servant of Makhleb, Major Destruction,
Greater Servant of Makhleb, Renounce Religion


You were on level 6 of the Lair of Beasts.
You worshipped Makhleb.
Makhleb was exalted by your worship.
You were hungry.

You visited 4 branches of the dungeon, and saw 18 of its levels.
You also visited: Ice Cave.

You collected 1645 gold pieces.
You spent 1197 gold pieces at shops.

Inventory:

Hand Weapons
 j - a +0 blowgun
 Q - a +4 battleaxe of freezing
 R - a -2 war axe
Missiles
 a - 130 arrows
 h - 92 poisoned needles
 B - 4 silver javelins
 G - 25 tomahawks (quivered)
 V - 7 curare-tipped needles
Armour
 l - a +2 helmet (worn)
 s - a +1 ring mail of positive energy
 z - a +3 plate armour of magic resistance
 H - a +0 cloak (worn)
 I - a +0 pair of boots (worn)
 M - a +0 robe of magic resistance (worn)
Jewellery
 b - an uncursed ring of flight
 r - an amulet of harm (around neck)
 t - a ring of wizardry (left hand)
 L - an uncursed ring of flight
 O - an uncursed ring of ice
 P - an uncursed ring of ice
Wands
 p - a wand of digging (4)
 u - a wand of flame (49)
 x - a wand of random effects (14)
 y - a wand of acid (4)
 C - a wand of disintegration (9)
 E - a wand of clouds (5)
Scrolls
 c - a scroll of torment {unknown}
 e - 2 scrolls of fog
 f - 2 scrolls of amnesia
 i - 3 scrolls of magic mapping
 k - 3 scrolls of remove curse
 q - 6 scrolls of teleportation
 F - 2 scrolls of enchant weapon
 J - a scroll of noise {unknown}
 T - 2 scrolls of enchant armour {unknown}
 U - 2 scrolls of blinking {unknown}
Potions
 g - 2 potions of berserk rage
 m - 3 potions of lignification
 n - a potion of invisibility {unknown}
 o - 2 potions of brilliance
 v - a potion of might {unknown}
 w - 3 potions of curing
 A - 3 potions of haste
 D - 2 potions of flight {unknown}
 K - a potion of magic {unknown}
Books
 N - a book of Ice

   Spells                             Type                      Level
   a - Ice Form                       Ice/Transmutation            4
   b - Metabolic Englaciation         Hexes/Ice                    5
   c - Ozocubu's Refrigeration        Ice                          6
   d - Bolt of Cold                   Conjuration/Ice              6
   e - Freezing Cloud                 Conjuration/Ice/Air          6
   f - Simulacrum                     Ice/Necromancy               6
 S - a book of Maledictions

   Spells                             Type                      Level
   a - Corona                         Hexes                        1
   b - Ensorcelled Hibernation        Hexes/Ice                    2
   c - Confuse                        Hexes                        3
   d - Tukima's Dance                 Hexes                        3
   e - Dazzling Spray                 Conjuration/Hexes            3
 X - a book of Party Tricks

   Spells                             Type                      Level
   a - Summon Butterflies             Summoning                    1
   b - Apportation                    Translocation                1
   c - Lesser Beckoning               Translocation                3
   d - Tukima's Dance                 Hexes                        3
   e - Alistair's Intoxication        Transmutation/Poison         5
   f - Invisibility                   Hexes                        6
Comestibles
 d - 27 rations
 W - 2 chunks of flesh


   Skills:
 - Level 8.3 Fighting
 - Level 5.1 Axes
 - Level 5.1 Throwing
 - Level 7.5 Dodging
 - Level 11.7 Unarmed Combat
 - Level 8.4 Spellcasting
 + Level 9.0 Transmutations
 - Level 8.2 Earth Magic
 - Level 6.7 Invocations
 - Level 4.7 Evocations


You had one spell level left.
You knew the following spells:

 Your Spells              Type           Power        Failure   Level  Hunger
a - Beastly Appendage     Tmut           #####.       1%          1    None
b - Sticks to Snakes      Tmut           #####...     1%          2    None
c - Spider Form           Tmut/Pois      ###.......   1%          3    #......
d - Blade Hands           Tmut           #####.....   2%          5    #####..
e - Summon Lightning Spi  Summ/Air       #.......     38%         4    ###....
f - Ice Form              Ice/Tmut       ###.....     6%          4    ###....
g - Apportation           Tloc           #.....       4%          1    None
h - Statue Form           Tmut/Erth      ####.....    19%         6    ######.
i - Summon Butterflies    Summ           #.......     4%          1    None


Dungeon Overview and Level Annotations

Branches:
Dungeon (9/15)             Temple (1/1) D:7            Lair (6/6) D:8
  Swamp (0/4) Lair:2       Spider (0/4) Lair:2          Orc (2/2) D:9
    Elf (0/3) Orc:2
  Slime: Lair:5-6

Altars:
Ashenzari
Dithmenos
Elyvilon
Fedhas
Gozag
Kikubaaqudgha
Makhleb
Nemelex Xobeh
Okawaru
Qazlal
Ru
Sif Muna
Trog
Vehumet
Wu Jian
Xom
Yredelemnul
Zin
The Shining One
Beogh

Shops:
D:7 !   D:8 *   D:9 %%}   Orc:2 :*(

Annotations:
Lair:4 Rupert
Lair:6 exclusion: 2 oklob plants


Innate Abilities, Weirdness & Mutations

You are resistant to damage.
You can heal yourself by infusing magical energy.
You passively map the area around you.
You do not regenerate.
You have a somewhat thin skeletal structure. (Dex +2, Stealth)
Armour fits poorly on your strangely shaped body.
You occasionally shout uncontrollably at your foes.


Message History

Unknown command.
Evoke which item? (* to show all) (? for menu, Esc to quit)
Okay, then.
Unknown command.
You enter the shallow water.
Moving in this stuff is going to be slow.
The dream sheep splashes around in the water.
The dream sheep shake their wool and sparkle.
You feel drowsy...
You fall asleep.
The dream sheep splashes around in the water. x3
The komodo dragon hisses angrily.
The dream sheep bites you!!
You wake up.
The dream sheep bites you!
* * * LOW HITPOINT WARNING * * *
Unknown command.
Unknown command.
The dream sheep shake their wool and sparkle.
You feel drowsy...
You fall asleep.
The komodo dragon bites you!!!
Ouch! That really hurt!
You die...

* , , #.#.P. ♣.....#* ## ######.
♣♣......## #P##### ##.##.##
♣.......P### ##P.P#..# #....#.#
*.....≈.≈...###.......# #...#..#
,...≈≈≈≈≈≈≈≈.#.......## #.....##
...≈≈≈≈≈≈≈≈≈.........###..#....
..≈≈≈≈≈≈≈≈≈≈.l........#..###...
,...≈≈≈...≈≈≈.Y@.##.......# #...
..≈≈≈≈...≈≈≈Y.Y###...P...###...
,
..≈≈≈≈...≈≈≈Y..P#.........##.P#
...≈≈≈≈≈≈≈≈≈...P...............
.l..≈≈≈≈≈≈≈≈...........#.#..#..
...≈.≈≈≈≈≈≈≈≈.............#####
.....≈≈≈...≈...........#######.
.......#.......†.......# #....#
,...##..##......†##P...#.###....


You could see a komodo dragon and 4 dream sheep.

Vanquished Creatures
  A frost giant (IceCv)
  2 orc warlords
  4 hydras
  Erolcha (Orc:1)
  5 death yaks
  Urug (Orc:2)
  An orc high priest (Orc:2)
  3 orc knights
  4 orc sorcerers (Orc:2)
  An ice statue (IceCv)
  4 spiny frogs
  2 black mambas
  Maurice (D:8)
  A rime drake (Lair:5)
  6 komodo dragons
  2 trolls
  2 ice devils (Lair:2)
  23 polar bears
  A queen bee (Lair:1)
  A hornet (Lair:6)
  Grinder (D:3)
  A dream sheep (Lair:6)
  4 hippogriffs
  3 spriggans (Lair:6)
  The ghost of Kuruc the Conjurer, an amateur DECj of Vehumet (D:5)
  31 yaks
  A basilisk (Lair:1)
  A hungry ghost (D:7)
  A human (D:9)
  Menkaure (D:7)
  11 porcupines
  6 water moccasins
  A sky beast (D:7)
  25 orc warriors
  9 ogres
  2 black bears
  4 phantoms
  2 centaurs
  31 wolves
  2 boggarts (Lair:6)
  8 crocodiles
  5 bullfrogs
  A gnoll sergeant (Orc:2)
  Blork the orc (Orc:2)
  2 scorpions
  A hornet simulacrum (D:8)
  22 killer bees (Lair:1)
  An electric eel (Lair:2)
  A crimson imp (D:8)
  3 hounds
  24 orc wizards
  19 orc priests
  Terence (D:3)
  2 worker ants
  A bullfrog simulacrum (D:8)
  A hound zombie (D:8)
  A hound skeleton (D:3)
  A worker ant zombie (D:9)
  A howler monkey skeleton (D:5)
  10 adders
  A shadow imp (D:8)
  2 white imps (D:8)
  4 ufetubi (D:8)
  An ooze (D:3)
  2 adder zombies
  2 adder skeletons
  2 leopard geckos
  54 orcs
  3 bats
  4 giant cockroaches
  A goblin (D:7)
  4 hobgoblins
  A jackal (D:7)
  3 quokkas
  A ball python (D:3)
  3 frilled lizards
  A giant cockroach zombie (D:6)
  3 kobolds
  A rat (D:3)
403 creatures vanquished.

Vanquished Creatures (others)
  A wolf (IceCv)
  A killer bee (Lair:1)
  A plant (Lair:4)
3 creatures vanquished.

Grand Total: 406 creatures vanquished

Notes
Turn   | Place    | Note
-------+----------+-------------------------------------------
     0 | D:1      | Lavandula the Deep Dwarf Transmuter began the quest for the Orb.
     0 | D:1      | Reached XP level 1. HP: 16/16 MP: 3/3
   122 | D:2      | Reached skill level 3 in Unarmed Combat
   122 | D:2      | Reached XP level 2. HP: 16/24 MP: 2/4
   190 | D:3      | Noticed Terence
   246 | D:3      | Reached XP level 3. HP: 11/30 MP: 7/7
   247 | D:3      | Killed Terence
   247 | D:3      | Reached XP level 4. HP: 14/37 MP: 8/8
   268 | D:3      | Learned a level 2 spell: Sticks to Snakes
   272 | D:3      | Learned a level 3 spell: Spider Form
   373 | D:3      | Noticed Grinder
   385 | D:3      | Killed Grinder
   385 | D:3      | Reached skill level 5 in Unarmed Combat
   385 | D:3      | Reached XP level 5. HP: 22/43 MP: 2/8
   385 | D:3      | Reached XP level 6. HP: 26/50 MP: 2/9
   420 | D:3      | Found a deep blue altar of Sif Muna.
  1053 | D:4      | Reached skill level 6 in Unarmed Combat
  1159 | D:4      | Found a sparkling altar of Nemelex Xobeh.
  1200 | D:4      | Reached XP level 7. HP: 28/56 MP: 1/10
  1330 | D:5      | Entered Level 5 of the Dungeon
  1512 | D:5      | Reached skill level 7 in Unarmed Combat
  1575 | D:5      | Noticed Kuruc's ghost (amateur DECj)
  1607 | D:5      | Learned a level 5 spell: Blade Hands
  1625 | D:5      | Found a glowing golden altar of the Shining One.
  1628 | D:5      | Found a basalt altar of Yredelemnul.
  1654 | D:5      | Killed Kuruc's ghost
  1669 | D:5      | Found a radiant altar of Vehumet.
  1775 | D:5      | Found a sacrificial altar of Ru.
  1775 | D:5      | Found an opulent altar of Gozag.
  1780 | D:5      | Found a glowing silver altar of Zin.
  1783 | D:5      | Found a radiant altar of Vehumet.
  1784 | D:5      | Found a faded altar of an unknown god.
  1850 | D:5      | Found an iron altar of Okawaru.
  1958 | D:6      | Reached skill level 8 in Unarmed Combat
  2052 | D:6      | Found a shadowy altar of Dithmenos.
  2099 | D:7      | Reached XP level 8. HP: 25/63 MP: 6/11
  2218 | D:7      | Found a staircase to the Ecumenical Temple.
  2228 | Temple   | Entered the Ecumenical Temple
  2257 | Temple   | Became a worshipper of Makhleb the Destroyer
  2311 | D:7      | Found Guneok's Distillery.
  2319 | D:7      | Bought a potion of heal wounds for 65 gold pieces
  2319 | D:7      | Bought a potion of haste for 130 gold pieces
  2319 | D:7      | Bought a potion of agility for 52 gold pieces
  2466 | D:7      | Noticed Menkaure
  2478 | D:7      | Killed Menkaure
  2483 | D:7      | Reached skill level 5 in Transmutations
  2515 | D:7      | Found a shimmering altar of Xom.
  2543 | D:7      | Learned a level 4 spell: Summon Lightning Spire
  2694 | D:7      | Reached skill level 5 in Spellcasting
  2694 | D:7      | Gained mutation: You passively map the area around you. [Deep Dwarf growth]
  2694 | D:7      | Reached XP level 9. HP: 25/69 MP: 4/15
  2813 | D:8      | Found Vimno's General Store.
  2821 | D:8      | Bought a scroll of remove curse for 42 gold pieces
  2821 | D:8      | Bought a scroll of immolation for 49 gold pieces
  2821 | D:8      | Bought a scroll of random uselessness for 14 gold pieces
  2840 | D:8      | Reached * piety under Makhleb
  2955 | D:8      | Found a staircase to the Lair.
  3036 | D:8      | Noticed a polar bear
  3036 | D:8      | Noticed Maurice
  3041 | D:8      | Killed a polar bear
  3046 | D:8      | Killed Maurice
  3057 | D:8      | Noticed a polar bear
  3059 | D:8      | Noticed a polar bear
  3072 | D:8      | Killed a polar bear
  3076 | D:8      | Killed a polar bear
  3126 | D:9      | Found an ornate altar of the Wu Jian Council.
  3143 | D:9      | Learned a level 4 spell: Ice Form
  3152 | D:9      | Found Haveaw's Food Emporium.
  3171 | D:9      | Found a staircase to the Orcish Mines.
  3178 | D:9      | Found Edecrero's Food Boutique.
  3244 | D:9      | Found a white marble altar of Elyvilon.
  3271 | D:9      | Reached skill level 1 in Evocations
  3524 | D:9      | Found Onenkomi's Gadget Shoppe.
  3526 | D:9      | Reached XP level 10. HP: 44/76 MP: 14/20
  3880 | Orc:1    | Entered Level 1 of the Orcish Mines
  3964 | Orc:1    | Reached ** piety under Makhleb
  4029 | Orc:2    | Entered Level 2 of the Orcish Mines
  4035 | Orc:2    | Noticed an orc sorcerer
  4058 | Orc:2    | Noticed a sun demon
  4060 | Orc:2    | Killed an orc sorcerer
  4060 | Orc:2    | Reached skill level 5 in Dodging
  4078 | Orc:2    | Reached skill level 1 in Throwing
  4136 | Orc:2    | Noticed an orc sorcerer
  4148 | Orc:2    | Noticed Urug
  4156 | Orc:2    | Killed an orc sorcerer
  4161 | Orc:2    | Killed Urug
  4161 | Orc:2    | Reached skill level 5 in Throwing
  4170 | Orc:2    | Reached skill level 1 in Fighting
  4175 | Orc:2    | Noticed an orc warlord
  4473 | Orc:2    | Reached *** piety under Makhleb
  4520 | Orc:2    | Reached skill level 1 in Invocations
  4576 | Orc:2    | Reached XP level 11. HP: 78/90 MP: 16/18
  4578 | Orc:2    | Noticed an orc knight
  4595 | Orc:2    | Killed an orc knight
  4623 | Orc:2    | Noticed an orc knight
  4691 | Orc:1    | Killed an orc warlord
  4756 | Orc:2    | Noticed an orc sorcerer
  4788 | Orc:2    | Killed an orc sorcerer
  4875 | Orc:1    | Killed an orc knight
  4875 | Orc:1    | Reached skill level 5 in Fighting
  4906 | Orc:2    | Found a staircase to the Elven Halls.
  4946 | Orc:2    | Found a roughly hewn altar of Beogh.
  4950 | Orc:2    | Noticed an orc warlord
  4952 | Orc:2    | Noticed an orc sorcerer
  4963 | Orc:2    | Reached **** piety under Makhleb
  4968 | Orc:2    | Killed an orc warlord
  4995 | Orc:2    | Killed an orc sorcerer
  5019 | Orc:2    | Noticed an orc high priest
  5044 | Orc:2    | Killed an orc high priest
  5062 | Orc:2    | Found Isoa's General Store.
  5110 | Orc:2    | Found Tikics's Antique Weapon Shop.
  5125 | Orc:2    | Found Leroleog's Book Shop.
  5141 | Orc:2    | Found Xyufidicia's Antique Armour Shop.
  5373 | Orc:2    | Noticed Blork the orc
  5373 | Orc:2    | Noticed an orc knight
  5436 | Orc:2    | Killed an orc knight
  5439 | Orc:2    | Killed Blork the orc
  5472 | Orc:2    | Noticed an enchanted great sword
  5560 | Orc:1    | Noticed Erolcha
  5595 | Orc:1    | Killed Erolcha
  5729 | Orc:2    | Bought a book of the Earth for 845 gold pieces
  5736 | Orc:2    | Learned a level 6 spell: Statue Form
  5870 | Lair:1   | Entered Level 1 of the Lair of Beasts
  5870 | Lair:1   | Noticed an eight-headed hydra
  5877 | Lair:1   | Killed an eight-headed hydra
  5877 | Lair:1   | Reached XP level 12. HP: 112/112 MP: 17/17
  5895 | Lair:1   | Noticed an eight-headed hydra
  5908 | Lair:1   | Killed an eight-headed hydra
  5908 | Lair:1   | Reached skill level 5 in Earth Magic
  6254 | Lair:1   | Reached ***** piety under Makhleb
  6254 | Lair:1   | Reached skill level 9 in Unarmed Combat
  6255 | Lair:1   | Gained mutation: You occasionally shout uncontrollably at your foes. [mutagenic glow]
  6275 | Lair:1   | Gained mutation: Armour fits poorly on your strangely shaped body. [mutagenic glow]
  6299 | Lair:1   | Gained mutation: You have a somewhat thin skeletal structure. (Dex +2, Stealth) [mutagenic glow]
  6493 | Lair:2   | Found a frozen archway.
  6532 | IceCv    | Entered an ice cave
  6552 | IceCv    | Reached skill level 10 in Unarmed Combat
  6828 | IceCv    | Reached skill level 11 in Unarmed Combat
  6950 | IceCv    | Noticed a death yak
  6967 | IceCv    | Killed a death yak
  6967 | IceCv    | Reached XP level 13. HP: 101/118 MP: 2/16
  7067 | IceCv    | Noticed a frost giant
  7078 | IceCv    | Killed a frost giant
  7154 | IceCv    | Found the +8 demon blade "Leech" {vamp, rN+ AC-3 EV-3}
  7373 | Lair:4   | Found a sacrificial altar of Ru.
  7376 | Lair:4   | Noticed Rupert
  7566 | Lair:6   | Entered Level 6 of the Lair of Beasts
  7609 | Lair:5   | Reached skill level 1 in Axes
  7649 | Lair:5   | Learned a level 1 spell: Apportation
  7651 | Lair:5   | Learned a level 1 spell: Summon Butterflies
  7742 | Lair:6   | Reached skill level 5 in Axes
  7826 | Lair:6   | Reached ****** piety under Makhleb
  8124 | Lair:6   | Annihilated by a komodo dragon

Skill      XL: |  1  2  3  4  5  6  7  8  9 10 11 12 13 |
---------------+----------------------------------------+-----
Unarmed Combat | 3 5 6 8 11 | 11.7
Spellcasting   | 2 3 5 8 |  8.4
Transmutations | 2 5 9 |  9.0
Evocations     | 4 |  4.7
Dodging        | 5 7 |  7.5
Throwing       | 5 |  5.1
Fighting       | 3 8 |  8.3
Invocations    | 2 6 |  6.7
Earth Magic    | 3 8 |  8.2
Axes           | 5 |  5.1

Action                   |  1- 3 |  4- 6 |  7- 9 | 10-12 | 13-15 || total
-------------------------+-------+-------+-------+-------+-------++-------
Melee: Unarmed           |    24 |    95 |   239 |   549 |   144 ||  1051
       Kick              |     3 |     8 |    13 |       |       ||    24
       Headbutt          |     1 |       |       |       |       ||     1
       Punch             |       |     1 |     8 |     9 |     5 ||    23
       Battleaxe         |       |       |       |       |    27 ||    27
 Fire: Blowgun           |    17 |    11 |     3 |    39 |       ||    70
Throw: Tomahawk          |       |       |       |     9 |       ||     9
       Javelin           |       |       |       |     3 |       ||     3
 Cast: Beastly Appendage |     5 |    11 |    12 |     1 |       ||    29
       Spider Form       |       |     7 |    19 |    34 |       ||    60
       Blade Hands       |       |       |    14 |    17 |     5 ||    36
       Sticks to Snakes  |       |       |       |     1 |       ||     1
       Ice Form          |       |       |       |     4 |       ||     4
       Statue Form       |       |       |       |     2 |    11 ||    13
 Abil: Heal Wounds       |     1 |     4 |    14 |    44 |     4 ||    67
       End Transformatio |       |       |       |     4 |       ||     4
Evoke: Wand              |       |       |     3 |    30 |     6 ||    39
  Use: Potion            |       |     1 |     1 |     2 |     1 ||     5
       Scroll            |       |       |     7 |     6 |     4 ||    17
 Stab: Sleeping          |     1 |       |       |       |       ||     1
       Paralysed         |       |       |       |     4 |       ||     4
  Eat: Ration            |       |     1 |     1 |     1 |     1 ||     4
       Chunk             |       |       |    12 |    19 |     9 ||    40
Armor: Robe              |     5 |    10 |    28 |    30 |     9 ||    82
       Skin              |       |     4 |     4 |   126 |   232 ||   366
Dodge: Dodged            |    18 |    45 |   144 |   371 |   319 ||   897
